 Dungeon Crawl Stone Soup version 0.27.1-33-g824d729ab1 (webtiles) character file.

Game seed: 12648521111454288552

249 markt42 the Cudgeller (level 6, -2/38 HPs)
             Began as a Gargoyle Fighter on Aug 25, 2021.
             Slain by a gnoll (7 damage)
             ... on level 3 of the Dungeon on Dec 31, 2021.
             The game lasted 00:05:28 (3815 turns).

markt42 the Cudgeller (Gargoyle Fighter)            Turns: 3815, Time: 00:05:29

Health: -2/38      AC: 13    Str: 16 (19) XL:     6   Next: 12%
Magic:  6/6        EV:  4    Int:  6 (9)  God:
Gold:   150        SH:  9    Dex: 16 (17) Spells: 6/6 levels left

rFire    . . .     SeeInvis .   a - +0 flail
rCold    . . .     Faith    .   c - +0 kite shield
rNeg     + . .     Spirit   .   m - +0 chain mail
rPois    ∞         Reflect  .   (no helmet)
rElec    +         Harm     .   (no cloak)
rCorr    .         Rampage  .   (no gloves)
Will     .....                  (no boots)
Stlth    ..........             j - amulet of magic regeneration
HPRegen  0.12/turn              l - +6 ring of dexterity
MPRegen  0.35/turn              (no ring)

@: no status effects
A: sickness immunity, AC +4, negative energy resistance 1, electricity
resistance, torment resistance 1, petrification resistance
a: no special abilities


You were on level 3 of the Dungeon.
You visited 1 branch of the dungeon, and saw 4 of its levels.

You collected 150 gold pieces.

Inventory:

Hand Weapons
 a - a +0 flail (weapon)
Armour
 c - a +0 kite shield (worn)
 m - a +0 chain mail (worn)
Jewellery
 j - an amulet of magic regeneration (around neck)
 l - a +6 ring of dexterity (left hand)
 o - a ring of see invisible
Wands
 d - a wand of digging (6)
Scrolls
 b - 2 scrolls of immolation {unknown}
 e - 2 scrolls of identify {unknown}
 f - a scroll of fog {unknown}
 n - a scroll of blinking {unknown}
 p - a scroll of fear {unknown}
 q - a scroll of vulnerability {unknown}


   Skills:
 + Level 4.0 Fighting
 * Level 4.7 Maces & Flails
 + Level 4.0 Armour
 + Level 0.6 Dodging
 + Level 0.1 Stealth
 + Level 4.0 Shields
 * Level 0.5 Spellcasting


You had 6 spell levels left.
You didn't know any spells.
Your spell library contained the following spells:

 Spells                   Type           Power      Damage    Failure   Level
 Foxfire                  Conj/Fire      0%         2x1d4     100%        1
 Conjure Flame            Conj/Fire      0%         6-21      100%        3
 Inner Flame              Hex/Fire       0%         N/A       100%        3
 Freezing Cloud           Conj/Ice/Air   0%         6-21      100%        5
 Simulacrum               Ice/Necr       0%         N/A       100%        6
 Polar Vortex             Ice            0%         N/A       100%        9


Dungeon Overview and Level Annotations

Branches:
Dungeon (4/15)
 Temple: D:4-7

Altars:
Gozag
Ru


Innate Abilities, Weirdness & Mutations

You are immune to sickness and miasma.
Your stone body is resilient. (AC +4)
You are immune to poison.
You resist negative energy. (rN+)
You are resistant to electric shocks. (rElec)
You are resistant to unholy torment.
You are immune to petrification.


Message History

You block the gnoll's attack. x2
The gnoll barely misses you. You block the gnoll's attack.
The gnoll hits you from afar with a +0 halberd!
You closely miss the gnoll. You block the gnoll's attack.
The gnoll hits you from afar with a +0 halberd.
You barely miss the gnoll.
The gnoll hits you but does no damage. x3
You hit the gnoll.
The gnoll is lightly wounded.
The gnoll hits you from afar with a +0 halberd.
You block the gnoll's attack. The gnoll closely misses you.
You hit the gnoll.
The gnoll is heavily wounded.
You block the gnoll's attack.
The gnoll hits you from afar with a +0 halberd.
* * * LOW HITPOINT WARNING * * *
Your shield and chain mail prevent you from hitting the gnoll.
The gnoll is heavily wounded.
The gnoll barely misses you. x2; The gnoll hits you but does no damage.
You aren't carrying any potions.
You hit the gnoll but do no damage.
The gnoll is heavily wounded.
You block the gnoll's attack. The gnoll barely misses you.
The gnoll hits you from afar with a +0 halberd.
* * * LOW HITPOINT WARNING * * *
You hit the gnoll.
You kill the gnoll!
The gnoll hits you but does no damage. The gnoll hits you but does no damage.
Things that are here:
a +0 spear; a gnoll corpse You closely miss the gnoll.
You block the gnoll's attack. x2
You sock the gnoll!
The gnoll is severely wounded.
The gnoll hits you with a +0 halberd.
* * * LOW HITPOINT WARNING * * *
You closely miss the gnoll.
The gnoll is severely wounded.
The gnoll hits you with a +0 halberd!
You die...

#.......# #.......#
#.......# #.......#
#.......#############
#.............)......
####.################
#.# ##@### #.g..#
#....#######
#...(#.....########
#.>........'.......
#####......########
#..............
#.####.########
#.#.........#


You could see a gnoll.

Vanquished Creatures
  A scorpion (D:4)
  A hound (D:4)
  Terence (D:2)
  4 adders
  A gnoll (D:3)
  A worm (D:2)
  4 dart slugs
  4 orcs
  3 ball pythons
  6 endoplasms
  4 giant cockroaches (D:1)
  3 goblins
  8 hobgoblins
  5 jackals
  3 quokkas
  7 bats
  4 frilled lizards
  8 kobolds
  7 rats
75 creatures vanquished.

Vanquished Creatures (others)
  2 plants (D:1)
2 creatures vanquished.

Grand Total: 77 creatures vanquished

Notes
Turn   | Place    | Note
-------+----------+-------------------------------------------
     0 | D:1      | markt42 the Gargoyle Fighter began the quest for the Orb.
     0 | D:1      | Reached XP level 1. HP: 14/14 MP: 1/1
   243 | D:1      | Found a faded altar of an unknown god.
   250 | D:1      | Reached XP level 2. HP: 19/19 MP: 2/2
   576 | D:1      | Reached XP level 3. HP: 24/24 MP: 3/3
  1461 | D:2      | Reached XP level 4. HP: 28/29 MP: 4/4
  1547 | D:2      | Noticed Terence
  1562 | D:2      | Killed Terence
  2565 | D:3      | Found an opulent altar of Gozag.
  2574 | D:3      | Found a sacrificial altar of Ru.
  2581 | D:3      | Reached XP level 5. HP: 20/33 MP: 5/5
  2581 | D:3      | Upgraded the game from 0.27.1 to 0.27.1-33-g824d729ab1
  3466 | D:4      | Reached XP level 6. HP: 24/38 MP: 6/6
  3815 | D:3      | Slain by a gnoll

Illustrated notes

Levels and vault maps discovered:
D:1:      scummos_arrival_simple_crosswalls, layout_loops_ring,
          ebering_ecumenical_altar_sacrificial, serial_forest,
          infiniplex_forest_lined_3_way, infiniplex_forest_end_double,
          infiniplex_forest_join, infiniplex_forest_zigzag_2,
          infiniplex_forest_clump_small, infiniplex_forest_clump_tiny,
          infiniplex_forest_straight_1, infiniplex_forest_clump_double,
          minmay_misc_feat_room, minmay_hedge_maze,
          corexii_hall_statues_deadend, feat_on_display
D:2:      layout_loops_ring, uniq_terence
D:3:      layout_basic, mainiacjoe_overflow_large_starburst
D:4:      kennysheep_goblin_castle, layout_cave_pods,
          nicolae_ossuary_entry_false_entrances

Skill      XL: |  1  2  3  4  5 |
---------------+----------------+-----
Maces & Flails | 3 4 |  4.7
Fighting       | 4 |  4.0
Armour         | 4 |  4.0
Shields        | 4 |  4.0
Dodging        | |  0.6
Stealth        | |  0.1
Spellcasting   | |  0.5

Action                   |  1- 3 |  4- 6 || total
-------------------------+-------+-------++-------
Melee: Flail             |   131 |   129 ||   260
  Use: Potion            |       |     5 ||     5
Armor: Scale mail        |    61 |    11 ||    72
       Chain mail        |       |    79 ||    79
Dodge: Dodged            |    43 |    35 ||    78
Block: Kite shield       |    73 |    91 ||   164
